cohdb
Replays
Latest Replays
All Replays
Popular Replays
Top Player Replays
Match Explorer
How It Works
Community
CoH3 Stats
Reddit
Sign in to upload your games and track your stats! →
Sign in with Steam
Match 43885129
Unlisted
Match 43885129
Overview
Messages
Build Orders
End
Construct Section Command Post
Selects Indian Artillery Battlegroup
Infantry Section
Infantry Section
Dingo Light Scout Car
Selects Valour
Construct Platoon Command Post
CMP 15cwt Truck
Selects Gurkha Rifles Section
Gurkha Rifles Section
Grenade Package
Unlock M3 Stuart Light Tanks
M3 Stuart Light Tank
Selects Artillery Saturation
CMP 15cwt Truck
M3 Stuart Light Tank
Selects Pillage
M3 Stuart Light Tank
Dog
Dragoness
Halokoo
Guibean
cat_command3r
bluey_02
LeaveANegativeComment
GamingHazard
0
0
Comments
sign in to comment!
No comments posted yet!